 Dungeon Sprint DCSS version 0.26-a0-660-gc07710193c (webtiles) character file.

Game seed: 34845155249326569

27 mhtbhm the Covered (level 2, 0/43 HPs)
             Began as a Minotaur Fighter on Oct 6, 2020.
             Was an Initiate of Trog.
             Slain by a deep troll (11 damage)
             ... in the Dungeon (Sprint VII: "The Pits").
             The game lasted 00:00:38 (200 turns).

mhtbhm the Covered (Minotaur Fighter)                Turns: 200, Time: 00:00:38

Health: 0/43       AC:  7    Str: 20    XL:     2   Next: 93%
Magic:  1/1        EV:  7    Int:  5    God:    Trog [......]
Gold:   0          SH:  9    Dex:  9    Spells: 1/1 levels left

rFire    . . .     SeeInvis .   a - +2 hand axe
rCold    . . .     Faith    .   c - +0 kite shield
rNeg     . . .     Spirit   .   b - +0 scale mail
rPois    .         Reflect  .   (helmet restricted)
rElec    .         Harm     .   (no cloak)
rCorr    .         Rampage  .   (no gloves)
MR       .....     NoTele   +   (no boots)
Stlth    ..........             (no amulet)
HPRegen  0.14/turn              (no ring)
MPRegen  0.07/turn              (no ring)

@: berserking, very slightly contaminated, invisible, very quick
A: retaliatory headbutt, horns 2
a: Renounce Religion


You were in the Dungeon.
You worshipped Trog.
Trog was noncommittal.
You visited 1 branch

Inventory:

Hand Weapons
 a - a +2 hand axe (weapon)
Armour
 b - a +0 scale mail (worn)
 c - a +0 kite shield (worn)
Scrolls
 j - a scroll of blinking
 l - 3 scrolls of remove curse
 m - a scroll of summoning
Potions
 d - a potion of might
 e - a potion of curing
 f - a potion of heal wounds
 g - a potion of haste
 h - 4 potions of magic
 i - a potion of berserk rage
 k - a potion of invisibility


   Skills:
 + Level 5.1 Fighting
 + Level 3.5 Axes
 + Level 5.3 Armour
 + Level 5.2 Shields


You had one spell level left.
You didn't know any spells.
Your spell library was empty.

Dungeon Overview and Level Annotations

Branches:
Dungeon (1/1)

Altars:
Cheibriados
Dithmenos
Elyvilon
Fedhas
Gozag
Hepliaklqana
Makhleb
Nemelex Xobeh
Okawaru
Qazlal
Ru
Sif Muna
Trog
Vehumet
Wu Jian
Xom
Yredelemnul
Zin
The Shining One
Beogh
Jiyva
Lugonu


Innate Abilities, Weirdness & Mutations

You reflexively headbutt those who attack you in melee.
You have a pair of horns on your head.


Message History

You are too injured to fight recklessly!
You are too injured to fight recklessly!
You are too injured to fight recklessly!
You are too injured to fight recklessly!
You are too injured to fight recklessly!
You are too injured to fight recklessly!
You are too injured to fight recklessly!
You are too injured to fight recklessly!
You are too injured to fight recklessly!
You are too injured to fight recklessly!
You are too injured to fight recklessly!
You are too injured to fight recklessly!
You are too injured to fight recklessly!
Unknown command.
You closely miss the deep troll. Your headbutt misses the deep troll.
The deep troll is lightly wounded.
Your shield prevents you from hitting the lindwurm.
The deep troll completely misses you. You block the deep troll's attack.
The deep troll claws you!
You die...

####'##................#
)))'.##......#..#......#
####.##................+
.....†'................+
#+#####......#..#......#
#................#
####'#####''######
#.......##''#####
#.......##@.....#
#.......##Tk..###
#...<...##...##
#.......##..##
#.......##..#
#.......##..#
##########..+ #..# #..#


You could see a deep troll and a lindwurm.

Vanquished Creatures
  A small abomination (D)
  An ufetubus (D)
  3 jackals (D)
5 creatures vanquished.

Notes
Turn   | Place    | Note
-------+----------+-------------------------------------------
     0 | D        | mhtbhm the Minotaur Fighter began the quest for the Orb.
     0 | D        | Reached XP level 1. HP: 19/19 MP: 0/0
    18 | D        | Reached skill level 5 in Armour
    18 | D        | Reached skill level 5 in Shields
    18 | D        | Reached XP level 2. HP: 28/28 MP: 1/1
   120 | D        | Reached skill level 5 in Fighting
   128 | D        | Found a bloodstained altar of Trog.
   128 | D        | Found a shimmering blue altar of Sif Muna.
   128 | D        | Found a viscous altar of Jiyva.
   128 | D        | Found a hazy altar of Hepliaklqana.
   128 | D        | Found an opulent altar of Gozag.
   129 | D        | Found a glowing golden altar of the Shining One.
   129 | D        | Found a glowing silver altar of Zin.
   129 | D        | Found a basalt altar of Yredelemnul.
   129 | D        | Found a shimmering altar of Xom.
   129 | D        | Found an ornate altar of the Wu Jian Council.
   129 | D        | Found a sacrificial altar of Ru.
   129 | D        | Found a stormy altar of Qazlal.
   129 | D        | Found an iron altar of Okawaru.
   129 | D        | Found a sparkling altar of Nemelex Xobeh.
   129 | D        | Found a burning altar of Makhleb.
   129 | D        | Found a blossoming altar of Fedhas.
   129 | D        | Found a white marble altar of Elyvilon.
   129 | D        | Found a shadowy altar of Dithmenos.
   129 | D        | Found a snail-covered altar of Cheibriados.
   131 | D        | Found a radiant altar of Vehumet.
   131 | D        | Found a corrupted altar of Lugonu.
   131 | D        | Found a roughly hewn altar of Beogh.
   133 | D        | Became a worshipper of Trog the Wrathful
   187 | D        | Noticed a deep troll
   189 | D        | Noticed a lindwurm
   200 | D        | Slain by a deep troll

Illustrated notes

Levels and vault maps discovered:
D:        pitsprint [storerooms_1, entrance_room_1, metal_vault_6, armoury_1,
          mini_pit_1, grid_room_1, main_hall_1, silver_pit, the_coven_2,
          the_vestibule_1, steel_vault_2, golden_pit, hallway_of_sentries,
          crystal_vault_1, iron_vault_2, final_vault]

Skill      XL: |  1  2 |
---------------+-------+-----
Fighting       | 4 5 |  5.1
Armour         | 5 |  5.3
Shields        | 5 |  5.2
Axes           | 3 |  3.5

Action                   || total
-------------------------++-------
Melee: War axe           ||    13
       Headbutt          ||     3
       Hand axe          ||     3
  Use: Potion            ||     3
Armor: Scale mail        ||     4
Dodge: Dodged            ||     5
Block: Kite shield       ||     9

Table legend: (Time is in decaauts)
 A = Elapsed time spent in this place.
 B = Non-inter-level travel time spent in this place.
 C = Inter-level travel time spent in this place.
 D = Time resting spent in this place.
 E = Time spent auto-exploring this place.
 F = Levels seen in this place.
 G = Mean time per level.
                   A        B        C        D        E       F      G
               +--------+--------+--------+--------+--------+-----+--------+
         Total |    214 |    214 |      0 |     97 |     10 |   1 |  214.0 |
       Dungeon |    214 |    214 |      0 |     97 |     10 |   1 |  214.0 |
               +--------+--------+--------+--------+--------+-----+--------+

Top non-repeatable levels by time:
       D: 214 daAuts
